 Dungeon Crawl Stone Soup version 0.20.0-9-g8272e65 (webtiles) character file.

2369 pash1 the Cleaver (level 9, -2/63 HPs)
             Began as a Hill Orc Fighter on June 2, 2017.
             Was a Follower of Hepliaklqana.
             Slain by a nine-headed hydra (4 damage)
             ... on level 8 of the Dungeon on June 3, 2017.
             The game lasted 00:35:52 (4078 turns).

pash1 the Cleaver (Hill Orc Fighter)                Turns: 4078, Time: 00:35:52

Health: -2/63      AC: 13    Str: 22    XL:     9   Next: 44%
Magic:  9/9        EV:  8    Int:  8    God:    Hepliaklqana [*.....]
Gold:   192        SH: 10    Dex: 10    Spells: 8/8 levels left

rFire    + + .     SeeInvis .   a - +0 war axe
rCold    x . .     Gourm    .   c - +0 shield
rNeg     . . .     Faith    .   w - +2 scale mail {rF+}
rPois    .         Spirit   .   I - +0 helmet
rElec    .         Reflect  .   (no cloak)
rCorr    .         Harm     .   o - +0 pair of gloves
MR       .....                  r - +0 pair of boots
Stlth    +.........             j - amulet of regeneration
Regen    0.6/turn               B - ring of stealth
MPRegen  0.2/turn               F - ring of fire

@: no status effects
A: reduced essence
a: Recall Ancestor, Ancestor Identity, Renounce Religion


You were on level 8 of the Dungeon.
You worshipped Hepliaklqana.
Hepliaklqana was aware of your devotion.
You were not hungry.

You visited 1 branch of the dungeon, and saw 6 of its levels.

You collected 192 gold pieces.

Inventory:

Hand Weapons
 a - a +0 war axe (weapon)
 u - a +0 blowgun
 C - a +0 war axe
 J - a +1 trident of venom
 L - a +0 battleaxe
Missiles
 v - 26 poisoned needles
Armour
 b - a +1 scale mail
 c - a +0 shield (worn)
 o - a +0 pair of gloves (worn)
 r - a +0 pair of boots (worn)
 w - a +2 scale mail of fire resistance (worn)
 I - a +0 helmet (worn)
Jewellery
 j - an amulet of regeneration (around neck)
 B - a ring of stealth (left hand)
 F - a ring of fire (right hand)
Wands
 G - a wand of acid (4/15)
Scrolls
 e - a scroll of recharging {unknown}
 g - 3 scrolls of identify
 h - 2 scrolls of teleportation
 i - 2 scrolls of remove curse
 k - 4 scrolls of enchant armour
 l - a scroll of enchant weapon {unknown}
 p - a scroll of noise
 s - 3 scrolls of amnesia
 y - a scroll of fear {unknown}
 E - a scroll of fog
 K - a scroll of magic mapping {unknown}
Potions
 d - a potion of might
 m - 2 potions of curing
 n - 2 potions of berserk rage
 x - a potion of brilliance {unknown}
 z - a potion of haste {unknown}
 A - a potion of heal wounds {unknown}
 D - a potion of cancellation {unknown}
Books
 H - a book of Necromancy

   Spells                             Type                      Level
   a - Pain                           Necromancy                   1
   b - Animate Skeleton               Necromancy                   1
   c - Vampiric Draining              Necromancy                   3
   d - Regeneration                   Charms/Necromancy            3
   e - Animate Dead                   Necromancy                   4
   f - Control Undead                 Necromancy                   4
Comestibles
 f - 2 bread rations
 q - a fruit
 t - 2 royal jellies
 M - a meat ration


   Skills:
 - Level 3.9 Fighting
 * Level 13.3 Axes
 * Level 5.5 Armour
 + Level 1.2 Dodging
 + Level 1.0 Stealth
 * Level 5.7 Shields


You had 8 spell levels left.
You didn't know any spells.

Dungeon Overview and Level Annotations

Branches:
Dungeon (8/15)
 Temple: D:4-7         Lair: D:8-11

Altars:
Elyvilon
Hepliaklqana
Nemelex Xobeh
Yredelemnul
The Shining One


Message History

The eight-headed hydra bites you but does no damage. x2
You slice one of the eight-headed hydra's heads off!
The seven-headed hydra grows two more!
You slash the nine-headed hydra!
The nine-headed hydra is lightly wounded.
The nine-headed hydra bites you but does no damage. x2
The nine-headed hydra barely misses you.
You block the nine-headed hydra's attack.
The nine-headed hydra bites you! x2; The nine-headed hydra bites you.
The nine-headed hydra bites you!
* * * LOW HITPOINT WARNING * * *
The nine-headed hydra bites you!
* * * LOW HITPOINT WARNING * * *
BOMZH hits the nine-headed hydra!
BOMZH hits the nine-headed hydra!
There is an escape hatch in the ceiling here.
You block the nine-headed hydra's attack.
The nine-headed hydra bites you.
* * * LOW HITPOINT WARNING * * *
The nine-headed hydra bites you.
You die...

##.....## .(..
#.......# ?...
#.......#
####.######.......#
................##
##...............#
##)...............#
...#..(.........(....#
#.....?....RD@......##
...............#...##
..........#...######
.##...#.#.#####
##......# ##.#.#.#
#.#.... . ..#..


You could see the friendly BOMZH the ancestor and a nine-headed hydra.

Vanquished Creatures
  A soldier ant (D:6)
  2 ice beasts
  An orc warrior (D:7)
  A black bear (D:7)
  A sky beast (D:6)
  A phantom (D:6)
  A centaur (D:7)
  5 bullfrogs
  A gnoll sergeant (D:7)
  A scorpion (D:6)
  A water moccasin zombie (D:7)
  2 killer bees (D:7)
  A howler monkey (D:6)
  3 crimson imps
  A hound (D:7)
  A bullfrog skeleton (D:7)
  A jelly (D:6)
  3 orc wizards (D:7)
  4 iguanas
  A worker ant (D:7)
  A hound skeleton (D:7)
  6 gnolls
  3 adders
  4 shadow imps
  An adder zombie (D:7)
  A worm (D:1)
  2 dart slugs (D:1)
  5 leopard geckos
  7 orcs
  4 bats
  2 giant cockroaches
  4 goblins
  9 hobgoblins
  4 jackals
  6 kobolds
  A quokka (D:6)
  A ball python (D:6)
  A frilled lizard (D:2)
  A quokka zombie (D:7)
  8 rats
104 creatures vanquished.

Vanquished Creatures (collateral kills)
  2 hungry ghosts (D:7)
  A necrophage (D:7)
  2 killer bees (D:7)
  An orc (D:7)
  A quokka (D:7)
  A jackal skeleton (D:7)
8 creatures vanquished.

Vanquished Creatures (others)
  2 ancestors (D:7)
2 creatures vanquished.

Grand Total: 114 creatures vanquished

Notes
Turn   | Place    | Note
-------+----------+-------------------------------------------
     0 | D:1      | pash1 the Hill Orc Fighter began the quest for the Orb.
     0 | D:1      | Reached XP level 1. HP: 19/19 MP: 1/1
    68 | D:1      | Reached skill level 3 in Axes
    68 | D:1      | Reached XP level 2. HP: 27/27 MP: 2/2
   358 | D:1      | Reached skill level 4 in Axes
   358 | D:1      | Reached XP level 3. HP: 29/33 MP: 3/3
   736 | D:2      | Found a faded altar of an unknown god.
  1020 | D:2      | Reached skill level 5 in Axes
  1020 | D:2      | Reached XP level 4. HP: 28/40 MP: 4/4
  1832 | D:3      | You fall through a shaft for 3 floors!
  1838 | D:6      | Reached skill level 6 in Axes
  1838 | D:6      | Reached XP level 5. HP: 32/46 MP: 5/5
  1888 | D:6      | Noticed a sky beast
  1905 | D:6      | Killed a sky beast
  1905 | D:6      | Reached skill level 7 in Axes
  1905 | D:6      | Reached XP level 6. HP: 20/52 MP: 6/6
  1968 | D:6      | HP: 1/52 [bullfrog (5)]
  1969 | D:6      | Reached skill level 8 in Axes
  2177 | D:6      | Noticed a phantom
  2189 | D:6      | Killed a phantom
  2189 | D:6      | Reached skill level 9 in Axes
  2198 | D:6      | Noticed a soldier ant
  2207 | D:6      | Killed a soldier ant
  2207 | D:6      | Reached XP level 7. HP: 38/58 MP: 7/7
  2360 | D:6      | Found a hazy altar of Hepliaklqana.
  2361 | D:6      | Found a basalt altar of Yredelemnul.
  2391 | D:6      | Became a worshipper of Hepliaklqana the Forgotten
  2417 | D:6      | Found a sparkling altar of Nemelex Xobeh.
  2429 | D:6      | Found a glowing golden altar of the Shining One.
  2484 | D:6      | Reached skill level 10 in Axes
  2546 | D:6      | Found a white marble altar of Elyvilon.
  2586 | D:6      | Reached skill level 11 in Axes
  2586 | D:6      | Reached XP level 8. HP: 45/59 MP: 8/8
  3338 | D:7      | Reached skill level 12 in Axes
  3370 | D:7      | Reached skill level 1 in Dodging
  3473 | D:7      | Reached skill level 5 in Armour
  3473 | D:7      | Reached XP level 9. HP: 22/63 MP: 9/9
  3576 | D:7      | Reached skill level 5 in Shields
  3746 | D:7      | Reached skill level 13 in Axes
  3746 | D:7      | Reached skill level 1 in Stealth
  4029 | D:7      | Reached * piety under Hepliaklqana
  4067 | D:8      | Noticed an eight-headed hydra
  4071 | D:8      | HP: 3/63 [nine-headed hydra (13)]
  4078 | D:8      | HP: 2/63 [nine-headed hydra (5)]
  4078 | D:8      | Slain by a nine-headed hydra

Skill      XL: |  1  2  3  4  5  6  7  8  9 |
---------------+----------------------------+-----
Axes           | 3 4 5 6 7 9 11 12 13 | 13.3
Shields        | 4 5 |  5.7
Armour         | 5 |  5.5
Dodging        | 1 |  1.2
Stealth        | 1 |  1.0
Fighting       | |  3.9

Action                   |  1- 3 |  4- 6 |  7- 9 || total
-------------------------+-------+-------+-------++-------
Melee: War axe           |   100 |   120 |   255 ||   475
Invok: Ancestor Identity |       |       |     1 ||     1
  Use: Scroll            |     3 |       |     3 ||     6
       Potion            |       |       |     4 ||     4
 Stab: Distracted        |       |       |     2 ||     2
  Eat: Bread ration      |       |     1 |     1 ||     2
       Fruit             |       |     1 |     2 ||     3
       Chunk             |       |     1 |     1 ||     2
       Meat ration       |       |       |     1 ||     1
       Royal jelly       |       |       |     1 ||     1
Armor: Scale mail        |    53 |    57 |   125 ||   235
Dodge: Dodged            |    42 |    29 |    65 ||   136
Block: Shield            |    59 |    64 |   123 ||   246
